 Dungeon Crawl Stone Soup version 0.30-a0-476-g330ca2eb8e (webtiles) character file.

Game seed: 14096697284022484083

160 zishaf the Gusty (level 5, -1/30 HPs)
             Began as a Tengu Air Elementalist on Dec 21, 2022.
             Blown up by Ijyb (8 damage)
             ... with a mindburst bolt
             ... on level 4 of the Dungeon.
             The game lasted 00:04:19 (3699 turns).

zishaf the Gusty (Tengu Air Elementalist)           Turns: 3699, Time: 00:04:20

Health: -1/30      AC:  2    Str:  8    XL:     5   Next: 41%
Magic:  1/9        EV: 14    Int: 18    God:
Gold:   172        SH:  5    Dex: 14    Spells: 5/8 levels left

rFire   . . .      SeeInvis .    j - +1 short sword (elec)
rCold   . . .      Faith    .    (no shield)
rNeg    . . .      Spirit   .    a - +0 robe
rPois   .          Reflect  +    (helmet restricted)
rElec   .          Harm     .    (no cloak)
rCorr   .          Rampage  .    (no gloves)
Will    .....                    (boots unavailable)
Stlth   ++........               u - amulet of reflection
HPRegen 0.25/turn                (no ring)
MPRegen 0.11/turn                (no ring)

@: flying quickly and evasively, very slightly contaminated, quick
A: beak, talons 3, nimble flight
a: no special abilities


You were on level 4 of the Dungeon.
You visited 1 branch of the dungeon, and saw 4 of its levels.

You collected 172 gold pieces.

Inventory:

Hand Weapons
 j - a +1 short sword of electrocution (weapon)
Armour
 a - a +0 robe (worn)
 r - a +0 leather armour of fire resistance
Jewellery
 u - an amulet of reflection (around neck)
Scrolls
 h - 2 scrolls of poison
 i - 2 scrolls of amnesia
Potions
 b - a potion of magic
 e - a potion of might
 f - a potion of invisibility
 k - a potion of curing
 n - 3 potions of heal wounds
 p - a potion of resistance
 q - a potion of flight {unknown}
 s - a potion of mutation {unknown}
 t - a potion of attraction {unknown}


   Skills:
 + Level 2.3 Fighting
 - Level 2.1 Dodging
 - Level 2.0 Stealth
 - Level 2.0 Spellcasting
 + Level 3.7 Conjurations
 * Level 6.0 Air Magic


You had 5 spell levels left.
You knew the following spells:

 Your Spells              Type           Power      Damage    Failure   Level
a - Shock                 Conj/Air       76%        1d7       2%          1
A - Static Discharge      Conj/Air       38%        2-4/arc   3%          2

Your spell library contained the following spells:

 Spells                   Type           Power      Damage    Failure   Level
 Swiftness                Air            23%        N/A       4%          3
 Airstrike                Air            11%        2d(2-18)  16%         4


Dungeon Overview and Level Annotations

Branches:
Dungeon (4/15)
 Temple: D:4-7

Altars:

Annotations:
D:4 Ijyb


Innate Abilities, Weirdness & Mutations

You have a beak for a mouth.
You have claws for feet.
Your magical nature lets you fly swiftly and evasively.


Message History

Confirm with . or Enter, or press ? or * to list all spells.
Aiming: Shock (safe; 2% risk of failure)
Press: ? - help, Shift-Dir - straight line, f/p - Ijyb
Aim: Ijyb, wielding a +0 dagger, wearing a +0 leather armour and carrying a wand of mindburst (12) (heavily wounded, 64% to hit)
The zap hits Ijyb.
Ijyb is heavily wounded.
The zap hits the goblin.
The goblin is heavily wounded.
Casting: Shock (safe; 2% risk of failure)
Confirm with . or Enter, or press ? or * to list all spells.
Aiming: Shock (safe; 2% risk of failure)
Press: ? - help, Shift-Dir - straight line, f/p - Ijyb
Aim: Ijyb, wielding a +0 dagger, wearing a +0 leather armour and carrying a wand of mindburst (12) (heavily wounded, 64% to hit)
The zap hits Ijyb.
Ijyb is heavily wounded.
The zap hits the goblin.
You kill the goblin!
Ijyb zaps a wand.
Your mind is blasted!
* * * LOW HITPOINT WARNING * * *
Casting: Shock (safe; 2% risk of failure)
Confirm with . or Enter, or press ? or * to list all spells.
Aiming: Shock (safe; 2% risk of failure)
Press: ? - help, Shift-Dir - straight line, f/p - Ijyb
Aim: Ijyb, wielding a +0 dagger, wearing a +0 leather armour and carrying a wand of mindburst (11) (heavily wounded, 64% to hit)
You miscast Shock.
You are very lightly contaminated with residual magic.
Nothing appears to happen.
Casting: Shock (safe; 2% risk of failure)
Confirm with . or Enter, or press ? or * to list all spells.
Aiming: Shock (safe; 2% risk of failure)
Press: ? - help, Shift-Dir - straight line, f/p - Ijyb
Aim: Ijyb, wielding a +0 dagger, wearing a +0 leather armour and carrying a wand of mindburst (11) (heavily wounded, 64% to hit)
The zap hits Ijyb.
Ijyb is almost dead.
Ijyb hits you with a +0 dagger.
* * * LOW HITPOINT WARNING * * *
You barely miss Ijyb. You claw Ijyb. Your peck misses Ijyb.
Ijyb is almost dead.
Ijyb zaps a wand.
Your mind is blasted!
You die...

... .. .. .... ..
.## ##..... ##.#
#..###...... #..#
#.....#..#... .
##..##...#
#.......
....##..##...#
##.## #
..)..†g@....#
#...## #
.....###...##
##....# # ...
###..####.###.###
. #....#.## ##.##
#.##..## ##.#
#.#...# #..
#..#### #.## ####
..# #..#


You could see Ijyb.

Vanquished Creatures
  Blork the orc (D:4)
  3 adders
  2 worms
  A dart slug (D:1)
  2 orcs (D:3)
  7 ball pythons
  4 endoplasms
  5 giant cockroaches
  5 goblins
  A hobgoblin (D:1)
  4 jackals (D:1)
  2 quokkas
  6 bats
  4 frilled lizards
  4 kobolds
  4 rats
55 creatures vanquished.

Vanquished Creatures (others)
  A plant (D:2)
1 creature vanquished.

Grand Total: 56 creatures vanquished

Notes
Turn   | Place    | Note
-------+----------+-------------------------------------------
     0 | D:1      | zishaf the Tengu Air Elementalist began the quest for the
                  | Orb.
     0 | D:1      | Reached XP level 1. HP: 10/10 MP: 4/4
   189 | D:1      | Reached XP level 2. HP: 16/16 MP: 1/6
   270 | D:1      | Learned a level 2 spell: Static Discharge
   326 | D:1      | Found a faded altar of an unknown god.
   532 | D:1      | Reached skill level 1 in Fighting
   698 | D:1      | Reached XP level 3. HP: 20/20 MP: 0/7
  2416 | D:3      | Reached skill level 5 in Air Magic
  2416 | D:3      | Reached XP level 4. HP: 26/26 MP: 2/8
  3434 | D:4      | Noticed Blork the orc
  3442 | D:4      | Killed Blork the orc
  3443 | D:4      | Reached skill level 6 in Air Magic
  3443 | D:4      | Gained mutation: Your magical nature lets you fly swiftly
                  | and evasively. [Tengu growth]
  3443 | D:4      | Reached XP level 5. HP: 30/30 MP: 0/9
  3688 | D:4      | Noticed Ijyb
  3699 | D:4      | Blown up by Ijyb

Illustrated notes

Levels and vault maps discovered:
D:1:      dpeg_arrival_short_road, layout_basic, basic_ecumenical_altar
D:2:      wad_woods_pond, layout_loops_ring, hangedman_decor_push,
          minmay_misc_feat_encased
D:3:      layout_loops_ring, skrybe_limestone_x
D:4:      layout_layer_cave, trog_wizard, uniq_natasha, uniq_blork_the_orc,
          uniq_ijyb

Skill      XL: |  1  2  3  4 |
---------------+-------------+-----
Conjurations   | 2 3 |  3.7
Fighting       | 1 2 |  2.3
Air Magic      | 5 6 |  6.0
Dodging        | |  2.1
Stealth        | |  2.0
Spellcasting   | |  2.0

Action                   |  1- 3 |  4- 6 || total
-------------------------+-------+-------++-------
Melee: Club              |     7 |       ||     7
       Kick              |     2 |     1 ||     3
       Dagger            |     2 |       ||     2
       Short sword       |       |     1 ||     1
 Cast: Shock             |    71 |    46 ||   117
       Static Discharge  |       |     3 ||     3
  Use: Scroll            |       |    13 ||    13
Armor: Robe              |     1 |       ||     1
Dodge: Dodged            |     5 |     4 ||     9
Block: Other             |       |     1 ||     1

Table legend: (Time is in decaauts)
 A = Elapsed time spent in this place.
 B = Non-inter-level travel time spent in this place.
 C = Inter-level travel time spent in this place.
 D = Time resting spent in this place.
 E = Time spent auto-exploring this place.
 F = Levels seen in this place.
 G = Mean time per level.
                   A        B        C        D        E       F      G
               +--------+--------+--------+--------+--------+-----+--------+
         Total |   3685 |   3555 |    130 |    267 |   2990 |   4 |  921.2 |
       Dungeon |   3685 |   3555 |    130 |    267 |   2990 |   4 |  921.2 |
               +--------+--------+--------+--------+--------+-----+--------+

Top non-repeatable levels by time:
     D:1: 1145 daAuts
     D:3: 1096 daAuts
     D:2: 1085 daAuts
     D:4: 357 daAuts
